 Dungeon Crawl Stone Soup version 0.32-a0-18-g89e19f1974 (webtiles) character file.

Game seed: 18115343845326299660

4307 seren the Changeling (level 10, -8/84 HPs)
             Began as a Green Draconian Shapeshifter on Jan 16, 2024.
             Was an Initiate of Nemelex Xobeh.
             Killed from afar by an acid dragon (36 damage)
             ... with a splash of acid
             ... on level 8 of the Dungeon.
             The game lasted 00:27:01 (9143 turns).

seren the Changeling (Green Draconian Shapeshifter) Turns: 9143, Time: 00:27:02

Health: -8/84      AC:  0    Str: 25    XL:     10   Next: 11%
Magic:  10/10      EV: 18    Int: 10    God:    Nemelex Xobeh [......]
Gold:   373        SH:  0    Dex: 13    Spells: 9/9 levels left

rFire   . .          .
                       - Unarmed
rCold   . . .        (shield currently unavailable)
rNeg    . . .        (body armour unavailable)
rPois   +            (helmet restricted)
rElec   .            (no cloak)
rCorr   .            (no gloves)
SInv    .            x - +0 pair of boots {Stlth+}
Will    .....        (no amulet)
Stlth   ++           d - +6 ring of strength
HPRegen 0.34/turn    (no ring)
MPRegen 0.12/turn

%: no passive effects
@: flux-form, corroded, glowing
A: glow, contaminating, breathe noxious fumes, AC +7, unfitting armour, poison
resistance, cold-blooded
a: Breathe Noxious Fumes, Begin Untransformation, Renounce Religion, Draw
Escape, Draw Destruction, Draw Summoning


You were on level 8 of the Dungeon.
You worshipped Nemelex Xobeh.
Nemelex Xobeh was noncommittal.
You were something dangerously unstable.
You visited 2 branches of the dungeon, and saw 9 of its levels.

You collected 373 gold pieces.

Inventory:

Hand Weapons
 F - a +3 falchion of freezing
 M - a +1 dagger of electrocution
Missiles
 j - 97 stones
 m - 18 poisoned darts (quivered)
 v - 3 atropa-tipped darts
 B - 2 boomerangs
 J - 2 curare-tipped darts
Armour
 x - a +0 pair of boots of stealth (worn)
 y - a +0 cloak
Jewellery
 d - a +6 ring of strength (left hand)
 k - a ring of fire
 A - an amulet of magic regeneration
Talismans
 b - a beast talisman
 c - a flux talisman (active)
Wands
 e - a wand of acid (9)
 h - a wand of iceblast (5)
 p - a wand of charming (4)
 L - a wand of polymorph (6)
Scrolls
 l - 2 scrolls of immolation
 n - 2 scrolls of enchant armour
 r - a scroll of blinking {!r}
 s - a scroll of fear {unknown}
 t - a scroll of enchant weapon {unknown}
 u - a scroll of fog
 C - 2 scrolls of revelation {unknown}
 E - a scroll of silence {unknown}
 H - a scroll of amnesia {unknown}
 K - a scroll of noise {unknown}
Potions
 a - 2 potions of lignification
 f - 2 potions of ambrosia
 g - a potion of heal wounds
 i - 2 potions of cancellation
 o - 5 potions of curing
 q - a potion of enlightenment {unknown}
 w - 2 potions of brilliance
 z - a potion of invisibility {unknown}
 D - a potion of might {unknown}
 G - 2 potions of attraction {unknown}
 I - a potion of haste {unknown}


   Skills:
 + Level 6.8 Fighting
 + Level 5.9 Dodging
 - Level 4.0 Stealth
 + Level 7.1 Unarmed Combat
 + Level 4.8 Evocations
 + Level 7.4 Shapeshifting


You had 9 spell levels left.
You didn't know any spells.
Your spell library contained the following spells:

 Spells                   Type           Power      Damage    Failure   Level
 Summon Small Mammal      Summ           0%         N/A       36%         1
 Scorch                   Fire           0%         2d5       50%         2
 Call Canine Familiar     Summ           0%         N/A       75%         3
 Flame Wave               Conj/Fire      0%         2d4       98%         4
 Summon Blazeheart Golem  Fire/Summ      0%         N/A       98%         4
 Vhi's Electric Charge    Tloc/Air       0%         N/A       98%         4
 Arcjolt                  Conj/Air       0%         1d10      100%        5
 Plasma Beam              Fire/Air       0%         2x1d10    100%        6
 Summon Cactus Giant      Summ           0%         N/A       100%        6


Dungeon Overview and Level Annotations

Branches:
Dungeon (8/15)             Temple (1/1) D:4            Lair (0/5) D:8

Altars:
Ashenzari
Cheibriados
Dithmenos
Elyvilon
Fedhas
Gozag
Hepliaklqana
Kikubaaqudgha
Nemelex Xobeh
Okawaru
Qazlal
Ru
Sif Muna
Trog
Uskayaw
Vehumet
Xom
Yredelemnul
Zin
The Shining One


Innate Abilities, Weirdness & Mutations

You are something dangerously unstable.
You glow with magical radiation, making you easy to see and hit.
Foes you strike become dangerously contaminated with magical radiation.
You are incapable of wielding weapons or throwing items.
You can breathe blasts of noxious fumes.
Your lurid green scales are hard. (AC +7)
You cannot fit into any form of body armour.
Your system is resistant to poisons. (rPois)
You are cold-blooded and may be slowed by cold attacks.


Message History

Items here: )) [[.
Items here: )) [[.
The acid dragon spits acid at you. The splash of acid hits you!
The acid corrodes you! The acid dragon bites you. The acid dragon claws you.
You hit the acid dragon.
The acid dragon begins to glow.
The acid dragon is lightly wounded.
The acid dragon spits acid at you. The splash of acid hits you!!
* * * LOW HITPOINT WARNING * * *
The acid corrodes you!
You hit the acid dragon.
The acid dragon glows dangerously bright.
The acid dragon is lightly wounded.
The acid dragon bites you!
* * * LOW HITPOINT WARNING * * *
The acid dragon misses you.
You hit the acid dragon but do no damage.
The acid dragon shudders as magic cascades through it.
The acid dragon twists and deforms.
Your tail-slap misses the acid dragon.
The acid dragon is lightly wounded.
The acid dragon barely misses you. The acid dragon completely misses you.
You barely miss the acid dragon.
The acid dragon is lightly wounded.
The acid dragon bites you.
* * * LOW HITPOINT WARNING * * *
The acid dragon misses you.
You closely miss the acid dragon.
The acid dragon is lightly wounded.
The acid dragon misses you. The acid dragon barely misses you.
You hit the acid dragon.
The acid dragon begins to glow.
You tail-slap the acid dragon.
The acid dragon is moderately wounded.
You hit the acid dragon.
The acid dragon glows dangerously bright.
The acid dragon is heavily wounded.
The acid dragon spits acid at you. The splash of acid hits you!!!
You die...
Your body disappears without additional glow.

######### #######
#######.......#### ......#
#................. ......#
#.#####.......## ......# #.#
####....# .)....# #.########....#
#######
).....####.....D.......####......
................p................
......############.....####......
####### ##### #.##### #######
#########...######.########......
)))..)..(..[.....................
.###.####...#.......#######......
.# #.# #...#.......# ###.### .#
#.# #...#.......###### #.### .#
#.# ########....[[).<# #...#


You could see an acid dragon (heavy contam, catching breath, misshapen).

Vanquished Creatures
  A kobold demonologist (D:6)
  Sigmund (D:5)
  2 wyverns
  Menkaure (D:6)
  A steam dragon (D:8)
  2 water moccasins (D:7)
  Duvessa (D:5)
  2 ice beasts
  4 orc warriors
  A black bear (D:8)
  3 centaurs
  A phantom (D:6)
  2 bullfrogs (D:8)
  3 kobold brigands (D:8)
  2 scorpions
  11 wights
  Dowan (D:5)
  An electric eel (D:8)
  2 bombardier beetles
  4 hounds
  A gnoll bouda (D:6)
  3 orc priests
  A sleepcap (D:6)
  5 iguanas
  7 orc wizards
  11 gnolls
  5 adders
  2 shadow imps (D:6)
  4 white imps
  2 ufetubi (D:6)
  A dart slug (D:2)
  2 ribbon worms (D:2)
  39 orcs
  10 endoplasms
  6 giant cockroaches
  5 goblins
  9 hobgoblins
  8 jackals
  5 quokkas
  8 ball pythons
  7 bats
  3 frilled lizards
  6 kobolds
  3 rats
199 creatures vanquished.

Vanquished Creatures (others)
  A bullfrog (D:8)
  An orc (D:8)
2 creatures vanquished.

Grand Total: 201 creatures vanquished

Notes
Turn   | Place    | Note
-------+----------+-------------------------------------------
     0 | D:1      | seren the Draconian Shapeshifter began the quest for the
                  | Orb.
     0 | D:1      | Reached XP level 1. HP: 16/16 MP: 1/1
    99 | D:1      | Found a faded altar of an unknown god.
   132 | D:1      | Reached XP level 2. HP: 23/23 MP: 2/2
   370 | D:1      | Reached XP level 3. HP: 28/28 MP: 3/3
  1361 | D:2      | Reached XP level 4. HP: 36/36 MP: 4/4
  2126 | D:3      | Reached XP level 5. HP: 41/41 MP: 5/5
  2836 | D:4      | Found a sparkling altar of Nemelex Xobeh.
  2984 | D:4      | Found a staircase to the Ecumenical Temple.
  3006 | Temple   | Entered the Ecumenical Temple
  3291 | D:5      | Entered Level 5 of the Dungeon
  3291 | D:5      | Noticed an ice beast
  3359 | D:5      | Reached skill level 1 in Stealth
  3440 | D:5      | Reached XP level 6. HP: 29/50 MP: 6/6
  3527 | D:5      | Reached skill level 1 in Evocations
  3562 | D:5      | Noticed Duvessa
  3562 | D:5      | Noticed a kobold demonologist
  3630 | D:5      | Killed an ice beast
  3676 | D:5      | Noticed an orc warrior
  3808 | D:5      | Your scales start taking on a lurid green colour.
  3808 | D:5      | Reached XP level 7. HP: 29/57 MP: 7/7
  3808 | D:5      | Gained mutation: Your system is resistant to poisons.
                  | (rPois) [Green Draconian growth]
  3953 | D:4      | Reached skill level 5 in Shapeshifting
  4074 | D:5      | Noticed Dowan
  4108 | D:5      | Found a shadowy altar of Dithmenos.
  4251 | D:6      | Noticed Menkaure
  4525 | D:6      | Reached skill level 5 in Unarmed Combat
  4682 | D:6      | Found a snail-covered altar of Cheibriados.
  4807 | D:5      | Killed Dowan
  4808 | D:5      | Reached XP level 8. HP: 43/66 MP: 8/8
  5467 | D:5      | Noticed Sigmund
  5478 | D:6      | Noticed a smoke demon
  5478 | D:6      | Killed a kobold demonologist
  6100 | D:7      | Reached skill level 5 in Fighting
  6157 | D:7      | Noticed a rust devil
  6158 | D:7      | Noticed a rust devil
  6207 | D:7      | Reached XP level 9. HP: 69/74 MP: 9/9
  6808 | D:7      | Reached skill level 5 in Dodging
  7122 | D:8      | Found a staircase to the Lair.
  7122 | D:8      | Noticed a death yak
  7122 | D:8      | Noticed a death yak
  7122 | D:8      | Noticed a death yak
  7122 | D:8      | Noticed a death yak
  7122 | D:8      | Noticed a death yak
  7122 | D:8      | Noticed a death yak
  8344 | D:8      | Noticed a gargoyle
  8370 | D:8      | Reached XP level 10. HP: 38/84 MP: 10/10
  8710 | D:5      | Killed Duvessa
  8718 | D:5      | Killed Sigmund
  8884 | D:6      | Killed Menkaure
  9003 | D:4      | Became a worshipper of Nemelex Xobeh the Trickster
  9143 | D:8      | Killed from afar by an acid dragon

Illustrated notes

Levels and vault maps discovered:
D:1:      dpeg_arrival_pits, layout_loops_ring, shapermc_ecumenical_altar_gd,
          minmay_door_square
D:2:      layout_loops_ring
D:3:      layout_rooms
D:4:      layout_loops_ring, general_overflow_altar, minmay_temple_entry_arrows
D:5:      layout_rooms, mainiacjoe_overflow_alcove_2, uniq_duvessa, uniq_sigmund
D:6:      layout_loops_ring, mainiacjoe_overflow_catwalk, uniq_menkaure
D:7:      cheibrodos_iron_armory, layout_basic, nicolae_underground_beach
D:8:      nzn_winding_woodlands_medium [nzn_winding_woodlands_5x5_default,
          nzn_winding_woodlands_5x15_river_crossing,
          nzn_winding_woodlands_5x5_cross, nzn_winding_woodlands_5x5_default,
          nzn_winding_woodlands_center_lodge, nzn_winding_woodlands_hourglass,
          nzn_winding_woodlands_5x5_checkerboard,
          nzn_winding_woodlands_5x15_pool,
          nzn_winding_woodlands_5x5_closed_star], layout_basic,
          dpeg_lair_monsters, nrook_uturn
Temple:   minmay_crystal_spiral_temple

Skill      XL: |  1  2  3  4  5  6  7  8  9 |
---------------+----------------------------+-----
Dodging        | 2 3 4 5 |  5.9
Fighting       | 2 3 5 6 |  6.8
Unarmed Combat | 4 5 7 |  7.1
Shapeshifting  | 4 5 6 7 |  7.4
Stealth        | 1 2 3 4 |  4.0
Evocations     | 1 2 3 4 |  4.8

Action                     |  1- 3 |  4- 6 |  7- 9 | 10-12 || total
---------------------------+-------+-------+-------+-------++-------
  Melee: Unarmed           |   106 |   195 |   373 |    24 ||   698
         Tailslap          |     7 |    21 |    57 |     7 ||    92
         Punch             |     4 |     3 |       |       ||     7
  Throw: Dart              |       |     1 |       |       ||     1
Ability: Begin Untransform |       |     1 |       |       ||     1
         Breathe Noxious F |       |       |     6 |     1 ||     7
    Use: Scroll            |       |     7 |     4 |     1 ||    12
   Stab: Sleeping          |     1 |     1 |     2 |       ||     4
         Confused          |       |       |     5 |     2 ||     7
         Distracted        |       |       |     1 |       ||     1
 Armour: Skin              |    52 |    85 |   155 |    11 ||   303
  Dodge: Dodged            |    58 |   121 |   280 |    16 ||   475
   Form: Beast             |       |     1 |       |       ||     1
         Flux              |       |     1 |       |       ||     1

Table legend: (Time is in decaauts)
 A = Elapsed time spent in this place.
 B = Non-inter-level travel time spent in this place.
 C = Inter-level travel time spent in this place.
 D = Time resting spent in this place.
 E = Time spent auto-exploring this place.
 F = Levels seen in this place.
 G = Mean time per level.
                   A        B        C        D        E       F      G
               +--------+--------+--------+--------+--------+-----+--------+
         Total |   9096 |   8242 |    854 |   1550 |   3728 |   9 | 1010.7 |
       Dungeon |   9094 |   8240 |    854 |   1550 |   3728 |   8 | 1136.8 |
        Temple |      1 |      1 |      0 |      0 |      0 |   1 |    1.0 |
               +--------+--------+--------+--------+--------+-----+--------+

Top non-repeatable levels by time:
     D:6: 1806 daAuts
     D:8: 1542 daAuts
     D:7: 1425 daAuts
     D:4: 1087 daAuts
     D:1: 986 daAuts
     D:2: 956 daAuts
     D:5: 799 daAuts
     D:3: 490 daAuts
  Temple: 1 daAuts
